[Event "Titled Tuesday Blitz May 16 Late 2023"]
[White "Mirimanian, Hayk"]
[Black "D`Arruda, Ricardo D."]
[WhiteFideId "4700180"]
[BlackFideId "100692"]
[WhiteElo "2280"]
[BlackElo "2466"]
[Result "1-0"]
[Round "10"]
[TimeControl "180+2"]
[Date "2023.05.16"]
[WhiteClock "0:01:03"]
[BlackClock "0:01:16"]

1. e4 c5 2. Nf3 Nc6 3. d4 cxd4 4. Nxd4 e5 5. Nb5 a6 6. Nd6+ Bxd6 7. Qxd6 Qe7 8. Qd1 d6 9. Nc3 Nf6 10. Bg5 Be6 11. Nd5 Bxd5 12. exd5 Nb8 13. Be2 h6 14. Be3 O-O 15. g4 e4 16. g5 hxg5 17. Qd2 Nh7 18. h4 gxh4 19. O-O-O g5 20. Rdg1 f6 21. Rxh4 Nd7 22. Bd4 Rf7 23. Qe3 Rg7 24. Rxe4 Ne5 25. Bg4 Nf8 26. f4 gxf4 27. Rxf4 Re8 28. Bh5 Nd3+ 29. Qxd3 Rxg1+ 30. Bxg1 Qe1+ 31. Qd1 1-0


[Site "https://www.chess.com"]

[Event "Titled Tuesday Blitz May 16 Late 2023"]
[White "Mekhitarian, Krikor Sevag"]
[Black "Weetik, Vjacheslav"]
[WhiteFideId "2107660"]
[BlackFideId "4153472"]
[WhiteElo "2604"]
[BlackElo "2469"]
[Result "1-0"]
[Round "10"]
[TimeControl "180+2"]
[Date "2023.05.16"]
[WhiteClock "0:00:03"]
[BlackClock "0:00:02"]

1. Nf3 Nf6 2. c4 g6 3. Nc3 Bg7 4. e4 d6 5. d4 O-O 6. h3 c5 7. d5 e6 8. Bd3 exd5 9. exd5 Re8+ 10. Be3 Rxe3+ 11. fxe3 Qe7 12. Qd2 Nbd7 13. O-O b6 14. Rae1 Ba6 15. b3 Re8 16. a4 Nh5 17. Nb5 Ne5 18. Nxe5 Bxe5 19. Rf3 Bc8 20. Nc3 f5 21. Ne2 Qh4 22. Ref1 Bd7 23. Qe1 Qg5 24. Qf2 Qe7 25. Kh1 Qg5 26. Nf4 Nf6 27. Kg1 Qh6 28. Ne2 Nh5 29. e4 f4 30. Nxf4 Nxf4 31. Kh1 g5 32. Bc2 Rf8 33. Qg3 Rf6 34. Qf2 Kg7 35. Qd2 Qg6 36. R1f2 h5 37. Rf1 h4 38. Bd1 Qxe4 39. Re3 Qg6 40. Bg4 Bxg4 41. hxg4 Rf7 42. Ref3 Bd4 43. Re1 Qf6 44. Re6 Qd8 45. Re4 Be5 46. Qe3 Qf6 47. Qe1 Qg6 48. Qe3 Qf6 49. Qe1 Kg8 50. Ree3 Qg7 51. b4 Ng6 52. bxc5 bxc5 53. Rf5 Rxf5 54. gxf5 Nf4 55. Qb1 Qf6 56. Qb8+ Kg7 57. Qc8 g4 58. Qd7+ Kh6 59. Rb3 Kg5 60. Rb8 Qxf5 61. Rg8+ Kf6 62. Qg7# 1-0


[Site "https://www.chess.com"]

[Event "Titled Tuesday Blitz May 16 Late 2023"]
[White "Krzyzanowski, Marcin"]
[Black "Bartel, Mateusz"]
[WhiteFideId "1132199"]
[BlackFideId "1112635"]
[WhiteElo "2471"]
[BlackElo "2521"]
[Result "1-0"]
[Round "10"]
[TimeControl "180+2"]
[Date "2023.05.16"]
[WhiteClock "0:00:10"]
[BlackClock "0:00:00"]

1. Nf3 c5 2. e4 e6 3. g3 Nc6 4. Bg2 e5 5. O-O d6 6. a4 Nf6 7. d3 Be7 8. Na3 Be6 9. Bg5 Nd7 10. Bxe7 Qxe7 11. c3 O-O 12. Re1 Rad8 13. Nc4 Nf6 14. b3 Qc7 15. Qc2 Rfe8 16. Re2 h6 17. Rae1 a6 18. Ne3 b5 19. axb5 axb5 20. d4 Ne7 21. dxe5 dxe5 22. c4 bxc4 23. bxc4 Nc6 24. Nd5 Bxd5 25. exd5 Nd4 26. Nxd4 exd4 27. Qa4 Rxe2 28. Rxe2 Rb8 29. h3 h5 30. Qc6 Qa5 31. Be4 Nxe4 32. Rxe4 g6 33. Re8+ Rxe8 34. Qxe8+ Kg7 35. Qe5+ Kh7 36. d6 h4 37. gxh4 Qd8 38. h5 gxh5 39. Qxh5+ Kg7 40. Qxc5 Qf6 41. Qd5 Qg6+ 42. Qg2 1-0


[Site "https://www.chess.com"]

[Event "Titled Tuesday Blitz May 16 Late 2023"]
[White "Makridis, Dimitrios"]
[Black "Bryakin, Mikhail"]
[WhiteFideId "25864475"]
[BlackFideId "4165314"]
[WhiteElo "2277"]
[BlackElo "2467"]
[Result "1-0"]
[Round "10"]
[TimeControl "180+2"]
[Date "2023.05.16"]
[WhiteClock "0:01:09"]
[BlackClock "0:00:00"]

1. e4 e6 2. d4 d5 3. Nd2 Nf6 4. e5 Nfd7 5. c3 c5 6. Bd3 b6 7. Ne2 Ba6 8. Bxa6 Nxa6 9. O-O Be7 10. f4 g6 11. Ng3 h5 12. h3 Nab8 13. Qf3 cxd4 14. cxd4 Nc6 15. Nb3 h4 16. f5 gxf5 17. Nxf5 exf5 18. Qxf5 Rf8 19. Bh6 Qc7 20. Bxf8 Nxf8 21. Qxf7+ Kd8 22. Qxd5+ Qd7 23. Qe4 Rc8 24. d5 Nb4 25. d6 Ne6 26. dxe7+ Qxe7 27. Rad1+ Kc7 28. Rd6 Kb8 29. Qxb4 1-0


[Site "https://www.chess.com"]

[Event "Titled Tuesday Blitz May 16 Late 2023"]
[White "Goltsev, Dmitry"]
[Black "Averjanov, Alexey"]
[WhiteFideId "24176710"]
[BlackFideId "14109867"]
[WhiteElo "2356"]
[BlackElo "2786"]
[Result "1/2-1/2"]
[Round "10"]
[TimeControl "180+2"]
[Date "2023.05.16"]
[WhiteClock "0:00:31"]
[BlackClock "0:00:35"]

1. e4 c6 2. d4 d5 3. Nc3 dxe4 4. Nxe4 Bf5 5. Ng3 Bg6 6. Nh3 e6 7. Nf4 Bd6 8. c3 Qc7 9. Qf3 Ne7 10. h4 h6 11. Nxg6 Nxg6 12. Nh5 Rg8 13. Bd3 Nd7 14. Qg4 O-O-O 15. Bxg6 fxg6 16. Qxg6 e5 17. O-O exd4 18. cxd4 Kb8 19. Qxd6 Qxd6 20. Bf4 Nf6 21. Bxd6+ Rxd6 22. Nxf6 gxf6 23. Rad1 Rgd8 24. Rfe1 Rxd4 25. Rxd4 Rxd4 26. g3 Kc7 27. Re8 Rd2 28. Re7+ Kb6 29. Re6 Rxb2 30. Rxf6 h5 31. g4 hxg4 32. h5 Rxa2 33. h6 Ra5 34. Kg2 Rh5 35. Kg3 a5 36. Kxg4 Rh2 37. Kg5 a4 38. f4 a3 39. Re6 a2 40. Re1 Kc5 41. f5 Rg2+ 42. Kf6 b5 43. h7 Rh2 44. Kg7 Rg2+ 45. Kf7 Rh2 46. Kg7 Rg2+ 47. Kh8 b4 48. f6 Kd6 49. f7 a1=Q+ 50. Rxa1 Ke7 51. Rg1 Rxg1 52. f8=Q+ Kxf8 1/2-1/2


[Site "https://www.chess.com"]

[Event "Titled Tuesday Blitz May 16 Late 2023"]
[White "Sieciechowicz, Marcin"]
[Black "Alex_Sahakyan2006"]
[WhiteFideId "1130170"]
[WhiteElo "2302"]
[BlackElo "2709"]
[Result "1-0"]
[Round "10"]
[TimeControl "180+2"]
[Date "2023.05.16"]
[WhiteClock "0:00:06"]
[BlackClock "0:00:00"]

1. d4 Nf6 2. c4 c5 3. d5 b5 4. Nf3 g6 5. cxb5 a6 6. b6 d6 7. Nc3 Nbd7 8. a4 Nxb6 9. a5 Nbd7 10. e4 Bg7 11. Be2 O-O 12. h3 Rb8 13. O-O Ne8 14. Nd2 Nc7 15. Nc4 Nb5 16. Na4 Nd4 17. Nab6 Nxb6 18. Nxb6 Rxb6 19. axb6 Qxb6 20. Bc4 f5 21. exf5 Bxf5 22. Rxa6 Qb4 23. Qa4 Qb8 24. Ra7 Qc8 25. Qa6 Qe8 26. Qb7 Kf7 27. Bg5 Bf6 28. f4 Qd8 29. Re1 Re8 30. Kf2 Nc2 31. Re2 Nd4 32. Rd2 h6 33. Bxf6 Kxf6 34. Bd3 Bc8 35. Qc7 Qxc7 36. Rxc7 g5 37. fxg5+ hxg5 38. Bc4 Bf5 39. b4 Ke5 40. bxc5 dxc5 41. Rxc5 Kd6 42. Ra5 Nc2 43. Bd3 Bxd3 44. Rxd3 1-0


[Site "https://www.chess.com"]

[Event "Titled Tuesday Blitz May 16 Late 2023"]
[White "Fernandez Guillen, Ernesto J."]
[Black "Domingo Nunez, Ruben"]
[WhiteFideId "3512428"]
[BlackFideId "22245570"]
[WhiteElo "2429"]
[BlackElo "2404"]
[Result "0-1"]
[Round "10"]
[TimeControl "180+2"]
[Date "2023.05.16"]
[WhiteClock "0:00:06"]
[BlackClock "0:01:11"]

1. e4 g6 2. d4 Bg7 3. c3 c6 4. Bd3 d5 5. e5 f6 6. f4 Nh6 7. Nf3 Bg4 8. Nbd2 O-O 9. O-O Nf5 10. Qe1 Bxf3 11. Nxf3 fxe5 12. fxe5 e6 13. g4 Nh6 14. h3 c5 15. Ng5 Rxf1+ 16. Qxf1 Qe7 17. Be3 Nc6 18. Nf3 cxd4 19. cxd4 Rf8 20. Rc1 Nf7 21. Qe2 Bh6 22. Rf1 Ng5 23. Nxg5 Rxf1+ 24. Kxf1 Bxg5 25. Bg1 Qb4 26. a3 Qf8+ 27. Kg2 Qf4 28. Qc2 Bh4 29. Kh1 Qf3+ 30. Kh2 Bg3# 0-1


[Site "https://www.chess.com"]

[Event "Titled Tuesday Blitz May 16 Late 2023"]
[White "Maltsevskaya, Aleksandra"]
[Black "Kuznetsov, Felix"]
[WhiteFideId "24174041"]
[BlackFideId "34147990"]
[WhiteElo "2302"]
[BlackElo "2281"]
[Result "0-1"]
[Round "10"]
[TimeControl "180+2"]
[Date "2023.05.16"]
[WhiteClock "0:00:00"]
[BlackClock "0:01:16"]

1. e4 c5 2. Nf3 Nc6 3. d4 cxd4 4. Nxd4 Nf6 5. Nc3 e6 6. Ndb5 Bc5 7. Bf4 O-O 8. Bc7 Qe7 9. Bd6 Bxd6 10. Qxd6 Qd8 11. O-O-O Qb6 12. f3 a6 13. Na3 Qa7 14. Nc4 b5 15. Ne5 Nxe5 16. Qxe5 b4 17. Na4 d5 18. exd5 Bd7 19. b3 Bxa4 20. bxa4 Nxd5 21. Bc4 Nc3 22. Rd4 Rac8 23. Rg4 g6 24. h4 Qf2 25. h5 Rc5 26. Qf6 Nd5 27. Qe5 Qe3+ 28. Qxe3 Nxe3 29. Rgh4 Rxc4 30. hxg6 Rxh4 31. Rxh4 fxg6 32. Rxb4 Nxg2 33. Rb7 Rxf3 34. Rb6 h5 35. Rxa6 h4 36. Rxe6 Kf7 0-1


[Site "https://www.chess.com"]

[Event "Titled Tuesday Blitz May 16 Late 2023"]
[White "Smirnov, Pavel"]
[Black "Mendez Fortes, Eduardo Jesus"]
[WhiteFideId "4123425"]
[BlackFideId "3502376"]
[WhiteElo "2520"]
[BlackElo "2307"]
[Result "1-0"]
[Round "10"]
[TimeControl "180+2"]
[Date "2023.05.16"]
[WhiteClock "0:01:00"]
[BlackClock "0:00:22"]

1. d4 Nf6 2. c4 e6 3. g3 d5 4. Nf3 dxc4 5. Bg2 a6 6. O-O Nc6 7. Nc3 Rb8 8. e4 Be7 9. d5 Nb4 10. Ne5 exd5 11. exd5 Bf5 12. Nxc4 O-O 13. a3 Nd3 14. Be3 c5 15. dxc6 b5 16. Nd2 Nxb2 17. Qb3 Nd3 18. Nde4 Qa5 19. Rad1 Ne5 20. Nxf6+ Bxf6 21. Nd5 Be6 22. Nxf6+ gxf6 23. Qb2 Rbc8 24. Bh6 Rfd8 25. h3 Bc4 26. Rfe1 Bd5 27. Rxe5 Bxg2 28. Rg5+ Kh8 29. Qxf6# 1-0


[Site "https://www.chess.com"]

[Event "Titled Tuesday Blitz May 16 Late 2023"]
[White "Hambleton, Aman"]
[Black "Denishev, Marat"]
[WhiteFideId "2606577"]
[BlackFideId "24131563"]
[WhiteElo "2511"]
[BlackElo "2311"]
[Result "0-1"]
[Round "10"]
[TimeControl "180+2"]
[Date "2023.05.16"]
[WhiteClock "0:00:13"]
[BlackClock "0:01:20"]

1. c4 Nf6 2. Nc3 c5 3. Nf3 e6 4. d4 cxd4 5. Nxd4 b6 6. e4 d6 7. Be3 Bb7 8. f3 a6 9. Qd2 Nbd7 10. O-O-O Be7 11. Kb1 Rc8 12. Rc1 O-O 13. Be2 Ne5 14. b3 d5 15. f4 Nxc4 16. bxc4 dxc4 17. Bf3 b5 18. e5 Nd5 19. Nxd5 Bxd5 20. Ka1 Ba3 21. Rcd1 c3 22. Qc2 Bb2+ 23. Kb1 Bxa2+ 24. Kxa2 Qa5+ 0-1


[Site "https://www.chess.com"]

[Event "Titled Tuesday Blitz May 16 Late 2023"]
[White "Vlassov, Nikolai"]
[Black "Schmakel, Sam"]
[WhiteFideId "4103360"]
[BlackFideId "2039311"]
[WhiteElo "2324"]
[BlackElo "2356"]
[Result "1/2-1/2"]
[Round "10"]
[TimeControl "180+2"]
[Date "2023.05.16"]
[WhiteClock "0:00:08"]
[BlackClock "0:00:07"]

1. e4 g6 2. Nc3 Bg7 3. h4 h5 4. Nf3 c5 5. Ng5 Nc6 6. Bc4 e6 7. d3 Nge7 8. Bf4 d5 9. Bb3 f6 10. Nh3 d4 11. Ne2 e5 12. Bd2 Na5 13. f3 Nxb3 14. axb3 Nc6 15. Nf2 Be6 16. g4 Qd7 17. Ng3 a5 18. gxh5 gxh5 19. f4 Qf7 20. f5 Bd7 21. Qf3 Kd8 22. O-O Kc7 23. Kh2 Bh6 24. Bxh6 Rxh6 25. Rg1 Nb4 26. Qe2 b6 27. Ngh1 Rg8 28. Rxg8 Qxg8 29. Rg1 Qf7 30. Qd2 Rh7 31. Rg6 Qf8 32. c3 Nc6 33. Nh3 Be8 34. Rg2 Bf7 35. Qd1 Rg7 36. Rxg7 Qxg7 37. Ng3 Qh6 38. b4 axb4 39. cxb4 Nxb4 40. Nf2 Qf4 41. Kg2 Qxh4 42. Qa4 Nc6 43. Qa8 Qg5 44. Qf8 Bb3 45. Nh3 Qd2+ 46. Nf2 Qg5 47. Nh3 Qg4 48. Nf2 Qg5 1/2-1/2


[Site "https://www.chess.com"]

[Event "Titled Tuesday Blitz May 16 Late 2023"]
[White "Tristan, Leonardo"]
[Black "koncheto"]
[WhiteFideId "113816"]
[WhiteElo "2461"]
[BlackElo "2595"]
[Result "0-1"]
[Round "10"]
[TimeControl "180+2"]
[Date "2023.05.16"]
[WhiteClock "0:00:00"]
[BlackClock "0:00:16"]

1. d4 Nf6 2. Nf3 e6 3. Bf4 c5 4. c3 d5 5. e3 Bd6 6. Bb5+ Nc6 7. Bg3 O-O 8. Nbd2 Bxg3 9. hxg3 Qe7 10. Bxc6 bxc6 11. Ne5 cxd4 12. cxd4 c5 13. g4 cxd4 14. exd4 Qb4 15. g5 Ne4 16. Nc6 Qd6 17. Nxe4 dxe4 18. Qh5 h6 19. gxh6 g6 20. Qg5 Kh7 21. Qf6 Rg8 22. Qxf7+ Kh8 23. Qf6+ Kh7 24. Ne7 Qb4+ 25. Kf1 Ba6+ 26. Kg1 Raf8 27. Nxg8 Rxf6 28. Nxf6+ Kh8 29. Rc1 Bc4 30. b3 Ba6 31. Rc6 Qe1+ 32. Kh2 Qxf2 33. Rxa6 Qh4+ 34. Kg1 Qxf6 35. Rxa7 Qxd4+ 36. Kh2 Qxa7 0-1


[Site "https://www.chess.com"]

[Event "Titled Tuesday Blitz May 16 Late 2023"]
[White "ArtemDyachuk"]
[Black "Ivanisevic, Ivan"]
[BlackFideId "912417"]
[WhiteElo "2542"]
[BlackElo "2592"]
[Result "1-0"]
[Round "10"]
[TimeControl "180+2"]
[Date "2023.05.16"]
[WhiteClock "0:00:05"]
[BlackClock "0:00:06"]

1. Nf3 d6 2. d4 Nf6 3. b3 g6 4. Bb2 Bg7 5. e3 O-O 6. Be2 c5 7. O-O cxd4 8. Nxd4 Nc6 9. c4 Bd7 10. Nc3 Qa5 11. a3 Rfc8 12. b4 Qd8 13. Bf3 Rab8 14. Rc1 Ne5 15. Be2 Nxc4 16. Ba1 Ne5 17. Qb3 a6 18. Rfd1 b5 19. a4 bxa4 20. Nxa4 Rxc1 21. Rxc1 Rc8 22. Rc3 Ne4 23. Rc2 Rxc2 24. Qxc2 Qb8 25. Nc3 Nxc3 26. Bxc3 Qc8 27. Qb3 h5 28. Qa3 Nc4 29. Qb3 d5 30. e4 e5 31. Nf3 Be6 32. Ng5 Nd6 33. exd5 Bf5 34. f4 exf4 35. Bxg7 Kxg7 36. Qb2+ f6 37. Nf3 Ne4 38. Nd4 Bd7 39. Bd3 Qc3 40. Qxc3 Nxc3 41. Ne6+ Kf7 42. Nc7 Ke7 43. Nxa6 Kd6 44. Bc4 Nxd5 45. Bxd5 Kxd5 46. Kf2 Kc4 47. Nc5 g5 48. Nxd7 Kxb4 49. Nxf6 Kc4 50. Nxh5 Kd4 51. Kf3 Ke5 52. Kg4 Ke4 53. Kxg5 f3 54. gxf3+ Kxf3 55. h4 Kg2 56. Nf6 Kh3 57. h5 1-0


[Site "https://www.chess.com"]

[Event "Titled Tuesday Blitz May 16 Late 2023"]
[White "Rustemov, Alexander"]
[Black "Kokoszczynski, Jan"]
[WhiteFideId "4119002"]
[BlackFideId "1174460"]
[WhiteElo "2954"]
[BlackElo "2139"]
[Result "1-0"]
[Round "10"]
[TimeControl "180+2"]
[Date "2023.05.16"]
[WhiteClock "0:01:09"]
[BlackClock "0:00:15"]

1. d4 d5 2. c4 e6 3. Nc3 a6 4. cxd5 exd5 5. Nf3 c6 6. Qc2 Nf6 7. Bg5 Be7 8. e3 O-O 9. Bd3 h6 10. Bh4 Ne8 11. Bg3 Nd6 12. O-O Be6 13. Ne5 Re8 14. f4 f5 15. h3 Nd7 16. Rae1 Nf6 17. Bh4 Nfe4 18. Bxe7 Qxe7 19. Kh2 Rac8 20. Rc1 c5 21. dxc5 Rxc5 22. Bxe4 dxe4 23. Rfd1 Rec8 24. Qd2 Nf7 25. Nxf7 Qxf7 26. b3 Kh7 27. Ne2 Rxc1 28. Rxc1 Rxc1 29. Qxc1 Qd7 30. Nd4 Kg8 31. Qc5 Kf7 32. Qe5 h5 33. Kg3 Qe7 34. Nxf5 Bxf5 35. Qxf5+ Kg8 36. Qxh5 Qc5 37. Qe8+ 1-0


[Site "https://www.chess.com"]

[Event "Titled Tuesday Blitz May 16 Late 2023"]
[White "MKlose11"]
[Black "Baskakov, Egor"]
[BlackFideId "24197866"]
[WhiteElo "2663"]
[BlackElo "2225"]
[Result "1-0"]
[Round "10"]
[TimeControl "180+2"]
[Date "2023.05.16"]
[WhiteClock "0:01:47"]
[BlackClock "0:01:18"]

1. e4 c5 2. Nc3 Nc6 3. g3 g6 4. Bg2 Bg7 5. d3 e6 6. Be3 d6 7. Qd2 h6 8. Nge2 Nge7 9. O-O Nd4 10. Nd1 g5 11. c3 Nxe2+ 12. Qxe2 O-O 13. Qd2 Kh7 14. d4 c4 15. f4 gxf4 16. Bxf4 Ng6 17. Be3 d5 18. e5 Bd7 19. Nf2 f5 20. exf6 Rxf6 21. Ng4 Rxf1+ 22. Rxf1 e5 23. Nxh6 exd4 24. cxd4 Qe7 25. Bg5 Qd6 26. Nf5 Qb6 27. Nxg7 Kxg7 28. Bf6+ Kh7 29. Qg5 1-0


[Site "https://www.chess.com"]

[Event "Titled Tuesday Blitz May 16 Late 2023"]
[White "Pakleza, Zbigniew"]
[Black "Rosen, Eric"]
[WhiteFideId "1119290"]
[BlackFideId "2032562"]
[WhiteElo "2410"]
[BlackElo "2331"]
[Result "0-1"]
[Round "10"]
[TimeControl "180+2"]
[Date "2023.05.16"]
[WhiteClock "0:00:08"]
[BlackClock "0:00:32"]

1. b4 e5 2. a3 a5 3. b5 Bd6 4. d3 c6 5. a4 Bc7 6. e4 Nf6 7. Nf3 O-O 8. Be2 d5 9. Nbd2 Re8 10. O-O Nbd7 11. Re1 Nf8 12. Bf1 Ng6 13. Rb1 Bb6 14. h3 Nh5 15. c4 Ng3 16. bxc6 bxc6 17. cxd5 cxd5 18. exd5 Nxf1 19. Nc4 Bc7 20. Kxf1 Qxd5 21. Rb5 Qd8 22. Kg1 f6 23. Qb3 Be6 24. Ba3 Kh8 25. Qc3 Nf4 26. d4 Bd7 27. Rc5 e4 28. Nfd2 f5 29. Rb1 Ne2+ 0-1


[Site "https://www.chess.com"]

[Event "Titled Tuesday Blitz May 16 Late 2023"]
[White "Klukin, Kirill"]
[Black "Schnaider, Ilan"]
[WhiteFideId "24199273"]
[BlackFideId "169013"]
[WhiteElo "2344"]
[BlackElo "2224"]
[Result "1-0"]
[Round "10"]
[TimeControl "180+2"]
[Date "2023.05.16"]
[WhiteClock "0:00:47"]
[BlackClock "0:00:00"]

1. f4 e5 2. fxe5 d6 3. Nf3 dxe5 4. e4 Nf6 5. Bc4 Bc5 6. Qe2 O-O 7. c3 Nc6 8. d3 Na5 9. Bb3 Nxb3 10. axb3 Bg4 11. Bg5 h6 12. Bh4 Qd6 13. Nbd2 Nh5 14. Nc4 Qe6 15. Ncxe5 Nf4 16. Qc2 Be3 17. Nc4 Bxf3 18. Nxe3 Nxg2+ 19. Nxg2 Qh3 20. Rg1 Bxg2 21. Qxg2 Qxh4+ 22. Qg3 Qf6 23. O-O-O g6 24. Rdf1 Qb6 25. h4 h5 26. Qg5 Kg7 27. e5 Rae8 28. Rf6 Re6 29. Rgf1 Rxf6 30. Rxf6 Qa5 31. b4 Qd5 32. d4 b6 33. Qf4 Rd8 34. Qg5 c5 35. bxc5 bxc5 36. Rf4 Qa2 37. Qf6+ Kh6 38. Qxd8 Qa1+ 39. Kc2 Qa4+ 40. Kd2 Kg7 41. Qf6+ 1-0


[Site "https://www.chess.com"]

[Event "Titled Tuesday Blitz May 16 Late 2023"]
[White "Karimov, Alisher"]
[Black "Wagner, Dennis"]
[WhiteFideId "14700280"]
[BlackFideId "24650684"]
[WhiteElo "2186"]
[BlackElo "2478"]
[Result "1-0"]
[Round "10"]
[TimeControl "180+2"]
[Date "2023.05.16"]
[WhiteClock "0:00:10"]
[BlackClock "0:00:02"]

1. d4 Nf6 2. Nc3 d5 3. Bf4 c5 4. e3 cxd4 5. exd4 Bg4 6. Be2 Bxe2 7. Ncxe2 Nc6 8. Nf3 e6 9. O-O Be7 10. c3 O-O 11. Nc1 b5 12. Nd3 a5 13. a3 Qb6 14. Nfe5 Nxe5 15. Bxe5 Nd7 16. Bg3 b4 17. Qa4 Qb7 18. cxb4 axb4 19. Qb3 Rfc8 20. axb4 Rxa1 21. Rxa1 Qb6 22. Nc5 Nxc5 23. Qc3 h5 24. bxc5 Qb5 25. h4 Bf6 26. b4 Qe2 27. Rb1 Qe4 28. Rd1 Qe2 29. Qd3 Qg4 30. b5 g5 31. Qf3 gxh4 32. Qxg4+ hxg4 33. Bd6 Ra8 34. b6 Ra4 35. b7 Rb4 36. b8=Q+ Rxb8 37. Bxb8 Kg7 38. c6 Kg6 39. c7 Bxd4 40. c8=Q e5 41. Qxg4+ 1-0


[Site "https://www.chess.com"]

[Event "Titled Tuesday Blitz May 16 Late 2023"]
[White "Spitzl, Vinzent"]
[Black "Papasimakopoulos, Alexandros"]
[WhiteFideId "12901253"]
[BlackFideId "4244125"]
[WhiteElo "2225"]
[BlackElo "2359"]
[Result "1/2-1/2"]
[Round "10"]
[TimeControl "180+2"]
[Date "2023.05.16"]
[WhiteClock "0:00:03"]
[BlackClock "0:00:06"]

1. e4 d6 2. d4 Nf6 3. Nc3 g6 4. Be3 Bg7 5. h3 a6 6. a4 Nbd7 7. Nge2 e5 8. g4 h5 9. g5 Nh7 10. h4 O-O 11. Bg2 c6 12. O-O a5 13. Qd2 Qc7 14. Rae1 Nb6 15. b3 Bg4 16. f3 Be6 17. f4 exf4 18. Nxf4 Bg4 19. Nce2 Rfe8 20. Ng3 Nf8 21. c4 Ne6 22. Qf2 Nxf4 23. Qxf4 Re7 24. Kh1 Rc8 25. Bg1 Nd7 26. Qd2 Nf8 27. Ne2 Ne6 28. Nf4 Nxf4 29. Rxf4 Rce8 30. Ref1 c5 31. d5 Qb6 32. Qd3 Qb4 33. Bh2 Qc3 34. Qxc3 Bxc3 35. Rf6 Bxf6 36. Rxf6 Rxe4 37. Bxe4 Rxe4 38. Bxd6 Bd1 39. Bxc5 Bxb3 40. Rb6 Bxa4 41. Rxb7 Rxc4 42. Be7 Rxh4+ 43. Kg1 Re4 44. Bf6 Re8 45. d6 Bc6 46. Ra7 a4 47. Ra6 Bd7 48. Kf2 Rc8 49. Ra7 Bc6 50. Ke3 Kf8 51. Kd4 Ke8 52. Re7+ Kf8 53. Ra7 Ke8 54. Re7+ Kf8 55. Ra7 1/2-1/2


[Site "https://www.chess.com"]

[Event "Titled Tuesday Blitz May 16 Late 2023"]
[White "Adla, Diego"]
[Black "Tanenbaum, Zachary"]
[WhiteFideId "100072"]
[BlackFideId "2060850"]
[WhiteElo "2377"]
[BlackElo "2175"]
[Result "0-1"]
[Round "10"]
[TimeControl "180+2"]
[Date "2023.05.16"]
[WhiteClock "0:00:00"]
[BlackClock "0:00:08"]

1. c4 e5 2. Nc3 Nf6 3. Nf3 Nc6 4. e4 Bb4 5. d3 d6 6. Be2 O-O 7. O-O h6 8. Ne1 Nd4 9. Nc2 Bc5 10. Nxd4 Bxd4 11. Be3 Bxe3 12. fxe3 c6 13. Qe1 Qb6 14. Nd1 Be6 15. Qg3 Nd7 16. b3 f5 17. exf5 Rxf5 18. Rxf5 Bxf5 19. Nf2 Rf8 20. Rf1 Nc5 21. Ng4 Kh7 22. Qh4 Rf7 23. Qh5 Bg6 24. Qh4 Rxf1+ 25. Bxf1 Qc7 26. Nf2 Qa5 27. Qe7 Qd2 28. Ng4 Bxd3 29. Qf7 Ne4 30. Qf5+ Kg8 31. Qc8+ Kh7 32. Qf5+ Kg8 33. Qc8+ Kf7 34. Qd7+ Kg6 0-1


[Site "https://www.chess.com"]

[Event "Titled Tuesday Blitz May 16 Late 2023"]
[White "Bitoon, Richard"]
[Black "Perske, Thore"]
[WhiteFideId "5201110"]
[BlackFideId "12902195"]
[WhiteElo "2374"]
[BlackElo "2336"]
[Result "1-0"]
[Round "10"]
[TimeControl "180+2"]
[Date "2023.05.16"]
[WhiteClock "0:01:22"]
[BlackClock "0:00:00"]

1. e4 e6 2. d4 d5 3. Nd2 c5 4. exd5 exd5 5. Ngf3 a6 6. Be2 Nf6 7. O-O Be7 8. dxc5 Bxc5 9. Nb3 Bb6 10. Bg5 O-O 11. a4 h6 12. Bh4 g5 13. Bg3 Ne4 14. a5 Ba7 15. Nfd4 f5 16. Bxb8 Bxb8 17. c4 dxc4 18. Bxc4+ Kg7 19. Rc1 Qd6 20. g3 f4 21. Qe2 fxg3 22. fxg3 Nc5 23. Rxf8 Kxf8 24. Qf3+ Ke8 25. Bf7+ Kd8 26. Rxc5 Ba7 27. Rd5 1-0


[Site "https://www.chess.com"]

[Event "Titled Tuesday Blitz May 16 Late 2023"]
[White "Sun, Rick"]
[Black "Martic, Ivan"]
[WhiteFideId "30909481"]
[BlackFideId "929301"]
[WhiteElo "2169"]
[BlackElo "2360"]
[Result "1-0"]
[Round "10"]
[TimeControl "180+2"]
[Date "2023.05.16"]
[WhiteClock "0:00:08"]
[BlackClock "0:00:41"]

1. d4 d5 2. Nc3 c6 3. Bf4 Nf6 4. e3 Bf5 5. f3 h5 6. Bd3 e6 7. Nge2 Bxd3 8. Qxd3 Nbd7 9. O-O-O Qa5 10. Kb1 Nb6 11. Nc1 Nc4 12. Nb3 Qa6 13. e4 Bb4 14. e5 Nd7 15. g4 h4 16. Bc1 Ndb6 17. f4 Na4 18. Nxa4 Qxa4 19. f5 O-O-O 20. Rhf1 a5 21. fxe6 fxe6 22. Qg6 Rhe8 23. Rf7 Qb5 24. Qxg7 a4 25. g5 axb3 26. axb3 Ba5 27. bxc4 dxc4 28. g6 Bc3 29. Rf3 Bxd4 30. Rdf1 Bxe5 31. Qf7 Rg8 32. Qxe6+ Kb8 33. Rf5 Rge8 34. Rxe5 Qxe5 35. Qxe5+ Rxe5 36. Bf4 Re8 37. Re1 Ka7 38. Bxe5 h3 39. Bd4+ 1-0


[Site "https://www.chess.com"]

[Event "Titled Tuesday Blitz May 16 Late 2023"]
[White "Moral Garcia, Serafin"]
[Black "De La Colina, Nicolas"]
[WhiteFideId "2201925"]
[BlackFideId "30946921"]
[WhiteElo "2274"]
[BlackElo "2046"]
[Result "1-0"]
[Round "10"]
[TimeControl "180+2"]
[Date "2023.05.16"]
[WhiteClock "0:00:11"]
[BlackClock "0:00:08"]

1. e4 c5 2. Nf3 Nc6 3. Bb5 Nf6 4. Qe2 g6 5. e5 Nd5 6. Qc4 Nc7 7. Qxc5 Bg7 8. Bxc6 dxc6 9. d3 O-O 10. Nc3 Bg4 11. Ng5 b6 12. Qe3 h6 13. Nf3 Bxf3 14. Qxf3 Qd4 15. O-O Bxe5 16. Bxh6 Qh4 17. Qh3 Qxh3 18. gxh3 Rfe8 19. Rfe1 Bf6 20. Bf4 Ne6 21. Be5 Kg7 22. Kg2 Rh8 23. Re3 Rh5 24. Bxf6+ Kxf6 25. Ne2 Rah8 26. d4 Rg5+ 27. Rg3 Rgh5 28. Re1 Rh4 29. c3 Nf4+ 30. Nxf4 Rxf4 31. Ree3 e6 32. Rg4 Rf5 33. f4 Rhh5 34. Kg3 Ra5 35. a3 Rhb5 36. Re2 Rb3 37. h4 Rab5 38. h5 Rxh5 39. Kf3 Rhb5 40. Rgg2 a5 41. h4 Rd5 42. Ke4 Rh5 43. Rh2 a4 44. Kf3 Rd5 45. Kg4 Rh5 46. Kf3 Rbb5 47. Re5 Ra5 48. Rxa5 Rxa5 49. Ke4 Rh5 50. Kf3 Ke7 51. Kg4 Kd6 52. Re2 Kd5 53. Re5+ Kc4 54. Rxh5 gxh5+ 55. Kxh5 Kb3 56. Kg5 Kxb2 57. h5 Kxa3 58. h6 Kb3 59. h7 a3 60. h8=Q a2 61. Qh1 Kxc3 62. Qxc6+ Kxd4 63. Qxb6+ Kc3 64. Qa5+ Kb2 65. Qb4+ Kc1 66. Qc3+ Kb1 67. Qb3+ Ka1 68. Kf6 e5 69. Kxe5 f6+ 70. Kd5 f5 71. Qc3+ Kb1 72. Ke5 1-0


[Site "https://www.chess.com"]